 Dungeon Crawl Stone Soup version 0.20-a0-435-ga4f17a0 (webtiles) character file.

155 Implojin the Ruffian (level 5, -4/41 HPs)
             Began as a Mummy Chaos Knight on Jan 18, 2017.
             Slain by BigBluFrog's ghost (14 damage)
             ... on level 4 of the Dungeon.
             The game lasted 00:05:34 (4247 turns).

Implojin the Ruffian (Mummy Chaos Knight)           Turns: 4247, Time: 00:05:35

Health: -4/41      AC:  5    Str: 16    XL:     5   Next: 14%
Magic:  5/5        EV: 11    Int: 11    God:    Xom [....*.]
Gold:   195        SH:  0    Dex: 12    Spells: 4/4 levels left

rFire  x . .     SeeInvis .       - Unarmed
rCold  + . .     Gourm    .     a - +2 leather armour
rNeg   + + +     Faith    .     (no shield)
rPois  ∞         Spirit   .     (no helmet)
rElec  .         Reflect  .     (no cloak)
rCorr  .         Harm     +     (no gloves)
MR     .....                    (no boots)
Stlth  +.........               l - amulet of harm
                                (no ring)
                                (no ring)

@: no status effects
A: no food or potions, fire vulnerability, cold resistance 1, negative energy
resistance 3, torment resistance, unbreathing
a: Renounce Religion


You were on level 4 of the Dungeon.
You worshipped Xom.
You were a beloved toy of Xom.
You were not hungry.

You visited 1 branch of the dungeon, and saw 4 of its levels.

You collected 195 gold pieces.

Inventory:

Hand Weapons
 f - a +0 hunting sling
Missiles
 h - 7 javelins (quivered)
Armour
 a - a +2 leather armour (worn)
 b - a +0 pair of gloves
 e - a cursed +0 leather armour
Jewellery
 l - an amulet of harm (around neck)
Wands
 m - a wand of random effects (18/48)
Scrolls
 c - a scroll of remove curse
 d - 3 scrolls of teleportation
 g - a scroll of enchant weapon
 i - a scroll of enchant armour
 j - a scroll of blinking {unknown}
 k - a scroll of recharging {unknown}


   Skills:
 - Level 3.0 Fighting
 - Level 1.5 Armour
 - Level 0.7 Dodging
 * Level 4.8 Unarmed Combat


You had 4 spell levels left.
You didn't know any spells.

Dungeon Overview and Level Annotations

Branches:
Dungeon (4/15)
 Temple: D:4-7

Altars:
Xom

Annotations:
D:4 BigBluFrog's ghost, novice FoAK


Innate Abilities, Weirdness & Mutations

You do not eat or drink.
Your flesh is vulnerable to fire.
You are immune to poison.
Your flesh is cold resistant. (rC+)
You are immune to negative energy. (rN+++)
You are immune to unholy pain and torment.
You can survive without breathing.


Message History

Your cleaving frenzy subsides.
You start resting.
HP restored.
You climb downwards.
Level annotation: BigBluFrog's ghost, novice FoAK BigBluFrog's ghost hits you.
There is a stone staircase leading up here.
Unknown command.
Unknown command.
You closely miss BigBluFrog's ghost.
You punch BigBluFrog's ghost, but do no damage.
BigBluFrog's ghost hits you but does no damage.
You barely miss BigBluFrog's ghost. BigBluFrog's ghost hits you!
* * * LOW HITPOINT WARNING * * *
A shower of butterflies erupts from you!
Unknown command.
BigBluFrog's ghost barely misses you.
You climb upwards.
Your summoned allies are left behind.
There is a stone staircase leading down here.
Unknown command.
Unknown command.
You start resting.
Xom grants you an implement of some kind.
Something appears at your feet!
You are now a beloved toy of Xom.
Unknown command.
You now have 195 gold pieces (gained 42).
You start resting.
HP restored.
You climb downwards.
Level annotation: BigBluFrog's ghost, novice FoAK BigBluFrog's ghost hits you!
You emit a cloud of colourful smoke!
BigBluFrog's ghost hits you!
* * * LOW HITPOINT WARNING * * *
There is a stone staircase leading up here.
Unknown command.
BigBluFrog's ghost hits you!
You die...
Xom laughs nastily!

...###.% ..#####.#
......###.##...W#
#......#.##.##.#
#......_.#...#.####
#_.........W...#..
#.._.....#.[..##..
#........####.##..
#_..§§§§## #.##.#
#....§@## #.##.#
######W# #.##.#
#.######.##.#
#...........#
########.####
........# .########


You could see BigBluFrog's ghost.

Vanquished Creatures
  An iguana (D:4)
  5 adders
  An ooze (D:3)
  2 worms (D:2)
  3 dart slugs
  2 leopard geckos (D:2)
  An orc (D:3)
  8 bats
  5 giant cockroaches
  5 goblins
  4 hobgoblins
  10 jackals
  A quokka (D:3)
  2 ball pythons (D:1)
  3 frilled lizards
  3 kobolds
  9 rats
65 creatures vanquished.

Notes
Turn   | Place    | Note
-------+----------+-------------------------------------------
     0 | D:1      | Implojin the Mummy Chaos Knight began the quest for the Orb.
     0 | D:1      | Reached XP level 1. HP: 18/18 MP: 1/1
    49 | D:1      | XOM: potion effect (agility)
   178 | D:1      | Reached XP level 2. HP: 16/24 MP: 2/2
   351 | D:1      | Reached skill level 3 in Unarmed Combat
   368 | D:1      | XOM: noise
   753 | D:1      | XOM: fog
   785 | D:1      | Reached XP level 3. HP: 21/29 MP: 3/3
  1281 | D:1      | XOM: divination: detect creatures
  1346 | D:2      | XOM: polymorph jackal -> bat
  1500 | D:2      | Reached skill level 4 in Unarmed Combat
  1762 | D:2      | XOM: 4-stop teleportation journey
  1854 | D:2      | Reached XP level 4. HP: 32/35 MP: 4/4
  2118 | D:2      | XOM: scenery: create altars
  2328 | D:3      | XOM: silly message
  2465 | D:3      | XOM is BORED!
  2465 | D:3      | XOM: 3-stop teleportation journey
  2555 | D:3      | XOM: 1-stop teleportation journey
  2591 | D:3      | XOM: scenery: create altars
  2684 | D:3      | XOM: scenery: 1 doors close
  3323 | D:4      | XOM: scenery: create altars
  3340 | D:4      | Reached XP level 5. HP: 3/41 MP: 5/5
  3415 | D:4      | XOM: god gift: scroll labeled KACICRO DETAW {god gift}
  3441 | D:4      | XOM: scenery: create altars
  3636 | D:4      | XOM: 2-stop teleportation journey
  3663 | D:4      | Noticed BigBluFrog's ghost (novice FoAK)
  3853 | D:4      | XOM: cleaving
  4057 | D:4      | XOM: butterfly on damage
  4151 | D:3      | XOM: god gift: 42 gold pieces
  4246 | D:4      | XOM: smoke on damage
  4247 | D:4      | Slain by BigBluFrog's ghost

Vault maps used:
D:1:      dpeg_arrival_leaves_temple_mockup
D:3:      first_bread
D:4:      nicolae_overflow_hidden_temple, kennysheep_mini, serial_shops,
          kennysheep_mini_moat, kennysheep_small_circle

Skill      XL: |  1  2  3 |
---------------+----------+-----
Unarmed Combat | 3 4 |  4.8
Fighting       | |  3.0
Armour         | |  1.5
Dodging        | |  0.7

Action                   |  1- 3 |  4- 6 || total
-------------------------+-------+-------++-------
Melee: Unarmed           |   168 |   118 ||   286
       Punch             |     3 |     4 ||     7
Throw: Javelin           |       |     7 ||     7
  Use: Scroll            |       |     5 ||     5
Armor: Leather armour    |    57 |    46 ||   103
Dodge: Dodged            |    95 |    84 ||   179

Table legend:
 A = Turns spent in this place as a percentage of turns spent in the entire game.
 B = Non-inter-level travel turns spent in this place as a percentage of non-inter-level travel turns spent in the entire game.
 C = Inter-level travel turns spent in this place as a percentage of turns spent in this place.
 D = Turns resting spent in this place as a percentage of non-inter-level travel turns spent in this place.
 E = Turns spent auto-exploring this place as a percentage of non-inter-level travel turns spent in this place.
 F = Non-inter-level travel turns spent in this place divided by the number of levels of this place that you've seen.
                   A       B       C       D       E      F
               +-------+-------+-------+-------+-------+----------------------
         Total | 100.0 | 100.0 |   0.7 |   4.1 |  12.0 | 227.2
       Dungeon | 100.0 | 100.0 |   0.7 |   4.1 |  12.0 | 227.2
               +-------+-------+-------+-------+-------+----------------------

Table legend:
 A = Kills in this place as a percentage of kills in entire the game.
 B = Kills by you in this place as a percentage of kills by you in the entire game.
 C = Kills by friends in this place as a percentage of kills by friends in the entire game.
 D = Other kills in this place as a percentage of other kills in the entire game.
 E = Experience gained in this place as a percentage of experience gained in the entire game.
 F = Experience gained in this place divided by the number of levels of this place that you have seen.
                   A       B       C       D       E      F
               +-------+-------+-------+-------+-------+----------------------
         Total | 100.0 | 100.0 |  -nan |  -nan | 100.0 |  55.5
       Dungeon | 100.0 | 100.0 |  -nan |  -nan | 100.0 |  55.5
               +-------+-------+-------+-------+-------+----------------------
